 Dungeon Crawl Stone Soup version 0.30-a0-46-g5a63ccc183 (webtiles) character file.

Game seed: 546607053577725412

221 LnG the Trooper (level 5, -2/47 HPs)
             Began as a Hill Orc Fighter on Sept 1, 2022.
             Slain by Crazy Yiuf
             ... wielding a +2 quarterstaff of chaos
              (9 damage)
             ... on level 3 of the Dungeon.
             The game lasted 00:08:28 (2643 turns).

LnG the Trooper (Hill Orc Fighter)                  Turns: 2643, Time: 00:08:28

Health: -2/47      AC:  7    Str: 21    XL:     5   Next: 98%
Magic:  5/5        EV: 14    Int:  8    God:
Gold:   189        SH:  4    Dex: 10    Spells: 4/4 levels left

rFire   + . .      SeeInvis .    a - +0 war axe
rCold   . . .      Faith    .    c - +0 buckler
rNeg    . . .      Spirit   .    b - +0 scale mail
rPois   .          Reflect  .    (no helmet)
rElec   .          Harm     .    (no cloak)
rCorr   .          Rampage  .    (no gloves)
Will    .....                    (no boots)
Stlth   ..........               (no amulet)
HPRegen 0.15/turn                e - ring of protection from fire
MPRegen 0.09/turn                (no ring)

@: agile
A: no striking features
a: no special abilities


You were on level 3 of the Dungeon.
You visited 1 branch of the dungeon, and saw 3 of its levels.

You collected 189 gold pieces.

Inventory:

Hand Weapons
 a - a +0 war axe (weapon)
Armour
 b - a +0 scale mail (worn)
 c - a +0 buckler (worn)
Jewellery
 e - a ring of protection from fire (left hand)
 o - a ring of fire
 A - a ring of resist corrosion
Wands
 v - a wand of mindburst (15)
 x - a wand of roots (6)
Scrolls
 f - a scroll of teleportation {unknown}
 h - a scroll of enchant armour {unknown}
 i - 2 scrolls of noise {unknown}
 n - 2 scrolls of silence {unknown}
 p - a scroll of blinking {unknown}
 q - a scroll of magic mapping {unknown}
 r - a scroll of brand weapon {unknown}
 t - 2 scrolls of enchant weapon {unknown}
 u - a scroll of fog {unknown}
 y - a scroll of vulnerability {unknown}
 z - a scroll of identify
 B - a scroll of fear {unknown}
Potions
 d - 3 potions of might
 g - a potion of attraction {unknown}
 j - a potion of haste {unknown}
 k - 2 potions of heal wounds
 l - 2 potions of brilliance {unknown}
 m - 2 potions of invisibility {unknown}
 s - a potion of curing {unknown}
 w - a potion of mutation {unknown}


   Skills:
 + Level 4.9 Fighting
 + Level 4.5 Axes
 + Level 4.6 Armour
 + Level 0.6 Dodging
 + Level 0.1 Stealth
 + Level 4.2 Shields


You had 4 spell levels left.
You didn't know any spells.
Your spell library contained the following spells:

 Spells                   Type           Power      Damage    Failure   Level
 Apportation              Tloc           0%         N/A       83%         1
 Freeze                   Ice            0%         1d3       83%         1
 Necrotise                Necr           0%         1d4       83%         1
 Summon Small Mammal      Summ           0%         N/A       83%         1
 Frozen Ramparts          Ice            0%         1d1       99%         3
 Vampiric Draining        Necr           0%         2d6       99%         3
 Hailstorm                Conj/Ice       0%         3d3       100%        4
 Agony                    Necr           0%         N/A       100%        5


Dungeon Overview and Level Annotations

Branches:
Dungeon (3/15)

Altars:

Annotations:
D:3 Crazy Yiuf


Message History

There is an open door here.
Found a hammer.
Found a runed translucent door.
Crazy Yiuf shouts!
You open the door. You hit Crazy Yiuf.
Crazy Yiuf is moderately wounded.
Crazy Yiuf hits you with a +2 quarterstaff of chaos!
Crazy Yiuf draws strength from your wounds!
You barely miss Crazy Yiuf.
Crazy Yiuf is moderately wounded.
Crazy Yiuf closely misses you.
You hit Crazy Yiuf.
Crazy Yiuf is heavily wounded.
Crazy Yiuf hits you but does no damage.
You hit Crazy Yiuf.
Crazy Yiuf is severely wounded.
Crazy Yiuf hits you with a +2 quarterstaff of chaos!
You block Crazy Yiuf's attack.
You hit Crazy Yiuf.
Crazy Yiuf is almost dead.
Crazy Yiuf barely misses you.
You barely miss Crazy Yiuf.
Crazy Yiuf is almost dead.
Crazy Yiuf completely misses you.
You barely miss Crazy Yiuf.
Crazy Yiuf is almost dead.
Crazy Yiuf hits you with a +2 quarterstaff of chaos!
You barely miss Crazy Yiuf.
Crazy Yiuf is almost dead.
Crazy Yiuf hits you with a +2 quarterstaff of chaos. x2
You feel agile all of a sudden.
You barely miss Crazy Yiuf.
Crazy Yiuf is almost dead.
Crazy Yiuf hits you with a +2 quarterstaff of chaos!
* * * LOW HITPOINT WARNING * * *
You feel more agile all of a sudden.
You hit Crazy Yiuf but do no damage.
Crazy Yiuf is almost dead.
Crazy Yiuf hits you with a +2 quarterstaff of chaos!
You die...

####....####.##..#
## #+..'# #.#...#
#. #....# ##.#...#
#. ###..#
#..#..#####. #.##
#........... ##.#
#......##... #.##
##.#......## ##.#
#......>.... #@##
#.######.### #g#
#.# #.### ... #.#
#.... #...#
#.#########. #)..#
#.........#. #####
#.........#.
#.........#.
####.........#.
#............#.


You could see Crazy Yiuf.

Vanquished Creatures
  An orc priest (D:2)
  A hound (D:3)
  Ijyb (D:3)
  Natasha (thrice) (D:3)
  A worm (D:3)
  A dart slug (D:2)
  2 orcs (D:2)
  8 ball pythons
  7 bats
  6 endoplasms
  2 giant cockroaches
  4 goblins
  4 hobgoblins
  A jackal (D:3)
  5 kobolds
  3 quokkas
  5 frilled lizards
  4 rats
59 creatures vanquished.

Notes
Turn   | Place    | Note
-------+----------+-------------------------------------------
     0 | D:1      | LnG the Hill Orc Fighter began the quest for the Orb.
     0 | D:1      | Reached XP level 1. HP: 19/19 MP: 1/1
   129 | D:1      | Reached XP level 2. HP: 27/27 MP: 2/2
   510 | D:2      | Reached XP level 3. HP: 14/33 MP: 3/3
   905 | D:2      | Reached XP level 4. HP: 38/40 MP: 4/4
  1423 | D:3      | Noticed Natasha
  1429 | D:3      | Killed Natasha
  1811 | D:3      | Noticed Ijyb
  1821 | D:3      | Killed Ijyb
  1822 | D:3      | Reached XP level 5. HP: 31/47 MP: 5/5
  1940 | D:3      | Noticed Natasha
  1958 | D:3      | Killed Natasha
  2175 | D:3      | Noticed Natasha
  2186 | D:3      | Killed Natasha
  2629 | D:3      | Found a runed translucent door.
  2630 | D:3      | Noticed Crazy Yiuf
  2643 | D:3      | Slain by Crazy Yiuf

Illustrated notes

Levels and vault maps discovered:
D:1:      lightli_arrival_boilingwater, layout_rooms, minmay_misc_feat_alley
D:2:      layout_basic, minmay_pentomino_z2
D:3:      wad_river_or_something, layout_basic, uniq_crazy_yiuf_cottage,
          uniq_natasha, uniq_ijyb

Skill      XL: |  1  2  3  4  5 |
---------------+----------------+-----
Axes           | 3 4 |  4.5
Fighting       | 4 |  4.9
Armour         | 4 |  4.6
Shields        | 4 |  4.2
Dodging        | |  0.6
Stealth        | |  0.1

Action                   |  1- 3 |  4- 6 || total
-------------------------+-------+-------++-------
Melee: War axe           |    65 |   118 ||   183
  Use: Scroll            |     1 |       ||     1
Armor: Scale mail        |    32 |    43 ||    75
Dodge: Dodged            |    34 |    63 ||    97
Block: Buckler           |    12 |    28 ||    40

Table legend: (Time is in decaauts)
 A = Elapsed time spent in this place.
 B = Non-inter-level travel time spent in this place.
 C = Inter-level travel time spent in this place.
 D = Time resting spent in this place.
 E = Time spent auto-exploring this place.
 F = Levels seen in this place.
 G = Mean time per level.
                   A        B        C        D        E       F      G
               +--------+--------+--------+--------+--------+-----+--------+
         Total |   2722 |   2722 |      0 |    796 |    668 |   3 |  907.3 |
       Dungeon |   2722 |   2722 |      0 |    796 |    668 |   3 |  907.3 |
               +--------+--------+--------+--------+--------+-----+--------+

Top non-repeatable levels by time:
     D:3: 1255 daAuts
     D:2: 1002 daAuts
     D:1: 464 daAuts
